 Dungeon Crawl Stone Soup version 0.32-a0-913-g739538afd8 (webtiles) character file.

Game seed: 4611820640578602724

379 McSplat the Ruffian (level 6, -5/61 HPs)
             Began as a Troll Fighter on Apr 8, 2024.
             Was an Initiate of Ru.
             Slain by a killer bee (7 damage)
             ... on level 7 of the Dungeon.
             The game lasted 00:07:39 (3145 turns).

McSplat the Ruffian (Troll Fighter)                 Turns: 3145, Time: 00:07:40

Health: -5/61      AC:  4    Str: 27    XL:     6   Next: 45%
Magic:  5/5        EV:  8    Int:  4    God:    Ru [......]
Gold:   241        SH:  7    Dex:  9    Spells: 5/5 levels left

rFire   . .          .
                       - Unarmed
rCold   + . .        b - +0 kite shield
rNeg    . . .        a - +0 robe
rPois   .            (helmet restricted)
rElec   .            (no cloak)
rCorr   .            (gloves unavailable)
SInv    .            (boots unavailable)
Will    .....        (no amulet)
Stlth   +            u - ring of protection from cold
HPRegen 1.10/turn    (no ring)
MPRegen 0.09/turn

%: no passive effects
@: mighty, brilliant
A: large, unfitting armour, claws 3, regeneration 1, shaggy fur 1, tough skin 1
a: Renounce Religion


You were on level 7 of the Dungeon.
You worshipped Ru.
Ru was noncommittal.
You visited 1 branch of the dungeon, and saw 5 of its levels.

You collected 241 gold pieces.

Inventory:

Missiles
 l - 3 throwing nets
 q - 2 large rocks
 r - 4 javelins (quivered)
 s - 4 curare-tipped darts
Armour
 a - a +0 robe (worn)
 b - a +0 kite shield (worn)
Jewellery
 u - a ring of protection from cold (left claw)
Wands
 v - a wand of flame (30)
Scrolls
 f - a scroll of enchant weapon {unknown}
 g - a scroll of summoning
 h - a scroll of torment {unknown}
 j - a scroll of teleportation {unknown}
 k - 5 scrolls of identify {unknown}
 n - a scroll of blinking {unknown}
 o - a scroll of poison {unknown}
 p - a scroll of fog {unknown}
 t - a scroll of vulnerability {unknown}
Potions
 d - a potion of brilliance
 e - 2 potions of curing
 i - 2 potions of enlightenment {unknown}
 m - a potion of heal wounds {unknown}


   Skills:
 + Level 3.6 Fighting
 - Level 1.0 Throwing
 - Level 2.4 Dodging
 + Level 3.9 Shields
 * Level 5.0 Unarmed Combat


You had 5 spell levels left.
You didn't know any spells.
Your spell library was empty.

Dungeon Overview and Level Annotations

Branches:
Dungeon (7/15)
 Temple: D:4-7

Altars:
Dithmenos
Ru


Innate Abilities, Weirdness & Mutations

You are too large for most types of armour.
You have claws for hands.
Your natural rate of healing is unusually fast.
You are covered in fur. (AC +1)
You have tough skin. (AC +1)


Message History

Your Unarmed Combat skill increases to level 5!
Unknown command.
You completely miss the killer bee. The killer bee misses you.
The killer bee barely misses you. The killer bee stings you.
The killer bee stings you!
You are poisoned.
The killer bee poisons you! You block the killer bee's attack.
Unknown command.
Unknown command.
You completely miss the killer bee.
You feel sick. The killer bee closely misses you.
The killer bee barely misses you. The killer bee stings you! x2
* * * LOW HITPOINT WARNING * * *
The killer bee closely misses you. You block the killer bee's attack.
The killer bee stings you but does no damage.
You block the killer bee's attack.
Your sleepcap releases spores at the killer bee.
Unknown command.
Unknown command.
It was a potion of brilliance.
You feel clever all of a sudden.
You feel sick. You block the killer bee's attack. x2
The killer bee barely misses you. The killer bee stings you.
* * * LOW HITPOINT WARNING * * *
The killer bee stings you!
* * * LOW HITPOINT WARNING * * *
The killer bee stings you but does no damage.
You block the killer bee's attack. The killer bee barely misses you.
Your sleepcap misses the killer bee.
It was a potion of curing.
You feel better. The killer bee closely misses you. The killer bee stings you.
* * * LOW HITPOINT WARNING * * *
The killer bee stings you!
* * * LOW HITPOINT WARNING * * *
The killer bee stings you!
* * * LOW HITPOINT WARNING * * *
You block the killer bee's attack. x2; The killer bee barely misses you.
The killer bee stings you!
You die...
Ru respects your ultimate sacrifice.

###.....# ##
........####.#.
.............
##..........##.
#.........##.....
#..............
##.>.yyy....#...
#..##y@f...##.#
#..........#..# #
##.............# ).#
#...##.........#.....
##.###..........#
#.......>.......#
#.........#.....#
##.......####.###
#..#...## #.#


You could see 4 killer bees and a friendly sleepcap (summoned).

Vanquished Creatures
  An ice beast (D:7)
  A scorpion (D:4)
  A bombardier beetle (D:4)
  2 adders (D:3)
  4 gnolls (D:4)
  A ribbon worm (D:3)
  An orc (D:3)
  7 endoplasms
  6 goblins
  4 hobgoblins
  8 kobolds
  4 quokkas
  4 ball pythons
  2 bats
  4 frilled lizards
  6 rats
56 creatures vanquished.

Vanquished Creatures (collateral kills)
  2 killer bees (D:7)
2 creatures vanquished.

Grand Total: 58 creatures vanquished

Notes
Turn   | Place    | Note
-------+----------+-------------------------------------------
     0 | D:1      | McSplat the Troll Fighter began the quest for the Orb.
     0 | D:1      | Reached XP level 1. HP: 22/22 MP: 0/0
   326 | D:1      | Reached XP level 2. HP: 29/29 MP: 1/1
  1395 | D:2      | Reached XP level 3. HP: 31/36 MP: 2/2
  1626 | D:2      | Reached skill level 3 in Unarmed Combat
  2424 | D:3      | Found a faded altar of an unknown god.
  2612 | D:4      | Reached XP level 4. HP: 44/44 MP: 3/3
  2748 | D:4      | Found a shadowy altar of Dithmenos.
  2802 | D:4      | Found a sacrificial altar of Ru.
  2812 | D:4      | Became a worshipper of Ru the Awakened
  2965 | D:4      | Noticed a scorpion
  2968 | D:4      | Killed a scorpion
  2969 | D:4      | Reached skill level 1 in Throwing
  3070 | D:4      | Reached XP level 5. HP: 41/53 MP: 4/4
  3072 | D:4      | Reached skill level 4 in Unarmed Combat
  3111 | D:4      | You fall into a shaft and drop 3 floors!
  3115 | D:7      | Noticed an ice beast
  3123 | D:7      | Killed an ice beast
  3124 | D:7      | Reached XP level 6. HP: 50/61 MP: 5/5
  3142 | D:7      | Reached skill level 5 in Unarmed Combat
  3145 | D:7      | HP: 2/61 [killer bee (8)]
  3145 | D:7      | Slain by a killer bee

Illustrated notes

Levels and vault maps discovered:
D:1:      wander_arrival_fairy_ring, layout_basic
D:2:      layout_loops_corners, serial_co_window_serial, co_window_paths_b,
          co_window_paths_a, co_window_cross_1, co_window_corner_a,
          co_window_of_opportunity_a, co_window_2corner,
          co_window_of_opportunity_b, co_window_of_opportunity_b,
          glass_columns_c
D:3:      layout_loops_ring, chequers_ecumenical_altar_lobes
D:4:      layout_basic, mainiacjoe_overflow_catch_the_wave, solitary_fountain,
          minmay_misc_feat_five, minmay_misc_feat_rugged
D:7:      layout_cave_pools, nicolae_overflow_squiral, uniq_pikel

Skill      XL: |  1  2  3  4  5  6 |
---------------+-------------------+-----
Shields        | 3 |  3.9
Unarmed Combat | 3 4 5 |  5.0
Fighting       | 3 |  3.6
Throwing       | 1 |  1.0
Dodging        | |  2.4

Action                     |  1- 3 |  4- 6 || total
---------------------------+-------+-------++-------
  Melee: Unarmed           |   117 |    39 ||   156
  Throw: Javelin           |     2 |     4 ||     6
    Use: Scroll            |       |     1 ||     1
         Potion            |       |     3 ||     3
   Stab: Sleeping          |       |     1 ||     1
 Armour: Robe              |    46 |    41 ||    87
  Dodge: Dodged            |    28 |    16 ||    44
  Block: Kite shield       |    38 |    21 ||    59

Table legend: (Time is in decaauts)
 A = Elapsed time spent in this place.
 B = Non-inter-level travel time spent in this place.
 C = Inter-level travel time spent in this place.
 D = Time resting spent in this place.
 E = Time spent auto-exploring this place.
 F = Levels seen in this place.
 G = Mean time per level.
                   A        B        C        D        E       F      G
               +--------+--------+--------+--------+--------+-----+--------+
         Total |   3155 |   3085 |     70 |      0 |   2613 |   5 |  631.0 |
       Dungeon |   3155 |   3085 |     70 |      0 |   2613 |   5 |  631.0 |
               +--------+--------+--------+--------+--------+-----+--------+

Top non-repeatable levels by time:
     D:1: 987 daAuts
     D:2: 943 daAuts
     D:3: 645 daAuts
     D:4: 545 daAuts
     D:7: 33 daAuts
